 Dungeon Crawl Stone Soup version 0.21-a0-94-gdd6ab6a (webtiles) character file.

22 grindst0ne the Vexing (level 2, 0/28 HPs)
             Began as an Ogre Arcane Marksman on July 3, 2017.
             Slain by a jackal (3 damage)
             ... on level 1 of the Dungeon.
             The game lasted 00:03:02 (402 turns).

grindst0ne the Vexing (Ogre Arcane Marksman)         Turns: 402, Time: 00:03:03

Health: 0/28       AC:  3    Str: 13    XL:     2   Next: 91%
Magic:  4/4        EV: 10    Int: 14    God:
Gold:   15         SH:  0    Dex:  9    Spells: 3/4 levels left

rFire    . . .     SeeInvis .   e - +0 short sword (curse)
rCold    . . .     Gourm    .   (no shield)
rNeg     . . .     Faith    .   a - +0 robe
rPois    .         Spirit   .   (helmet restricted)
rElec    .         Reflect  .   (no cloak)
rCorr    .         Harm     .   (gloves unavailable)
MR       .....                  (boots unavailable)
Stlth    +.........             (no amulet)
HPRegen  0.09/turn              (no ring)
MPRegen  0.09/turn              (no ring)

@: no status effects
A: unfitting armour, tough skin 1
a: no special abilities


You were on level 1 of the Dungeon.
You were not hungry.

You visited 1 branch of the dungeon, and saw 1 of its levels.

You collected 15 gold pieces.

Inventory:

Hand Weapons
 e - a cursed +0 short sword (weapon)
Missiles
 c - 4 large rocks (quivered)
 d - 2 throwing nets
Armour
 a - a +0 robe (worn)
Scrolls
 i - a scroll of remove curse {unknown}
 j - a scroll of enchant armour {unknown}
Potions
 k - a potion of flight {unknown}
Books
 b - a book of Debilitation

   Spells                             Type                      Level
   a - Corona                         Hexes                        1
   b - Slow                           Hexes                        2
   c - Inner Flame                    Hexes/Fire                   3
   d - Portal Projectile              Hexes/Translocation          3
   e - Cause Fear                     Hexes                        4
   f - Leda's Liquefaction            Hexes/Earth                  4
Comestibles
 f - 2 bread rations
 g - a meat ration
 h - 4 chunks of flesh


   Skills:
 + Level 2.2 Fighting
 + Level 2.4 Throwing
 - Level 1.7 Dodging
 * Level 1.5 Spellcasting
 + Level 3.0 Hexes


You had 3 spell levels left.
You knew the following spells:

 Your Spells              Type           Power        Failure   Level  Hunger
a - Corona                Hex            #......      7%          1    ##.....


Dungeon Overview and Level Annotations

Branches:
Dungeon (1/15)

Altars:


Innate Abilities, Weirdness & Mutations

You are too large for most types of armour.
You have tough skin. (AC +1)


Message History

You hit the jackal.
The jackal is almost dead.
The jackal bites you but does no damage.
You hit the jackal.
You kill the jackal!
The jackal misses you.
You barely miss the jackal. The jackal bites you.
* * * LOW HITPOINT WARNING * * *
You closely miss the jackal.
The jackal bites you but does no damage.
The jackal completely misses you.
You closely miss the jackal. The jackal bites you.
* * * LOW HITPOINT WARNING * * *
Some of the chunks of flesh in your inventory have rotted away.
You closely miss the jackal. The jackal barely misses you.
The jackal bites you.
* * * LOW HITPOINT WARNING * * *
You closely miss the jackal. The jackal barely misses you.
You closely miss the jackal. The jackal bites you.
You die...

#.. ###.#....# #.#########
....#.#..# #.............
....#.#..# #.............
....#.#..#.# #.............
......#..#.########.............
...................((...........
........##.##.######............
.>.............h@..%............
..#####.#..##.######^...........
...........#.......#............
#.#####.#.##.......#............
#.#.....#.##.......#....).......
#...#..##......#########..#####.
........##.....# .....
...............# ........
...............# ...........


You could see a jackal.

Vanquished Creatures
  2 dart slugs (D:1)
  A leopard gecko (D:1)
  A goblin (D:1)
  A hobgoblin (D:1)
  2 jackals (D:1)
  4 kobolds (D:1)
  A ball python (D:1)
  3 bats (D:1)
  2 frilled lizards (D:1)
17 creatures vanquished.

Notes
Turn   | Place    | Note
-------+----------+-------------------------------------------
     0 | D:1      | grindst0ne the Ogre Arcane Marksman began the quest for the Orb.
     0 | D:1      | Reached XP level 1. HP: 19/19 MP: 2/2
   183 | D:1      | Reached XP level 2. HP: 23/28 MP: 3/3
   314 | D:1      | Reached skill level 3 in Hexes
   402 | D:1      | Slain by a jackal

Vault maps used:
D:1:      lemuel_arrival_broad_hall, minmay_misc_feat_doors

Skill      XL: |  1  2 |
---------------+-------+-----
Fighting       | 2 |  2.2
Hexes          | 3 |  3.0
Throwing       | |  2.4
Dodging        | |  1.7
Spellcasting   | |  1.5

Action                   || total
-------------------------++-------
Melee: Short sword       ||    66
       Unarmed           ||     8
Armor: Robe              ||    42
Dodge: Dodged            ||    57
